Map: Shrines of Lizul

Players

predatorcl

  • Race: Terran Terran
  • Spawn Location: 12:00

GeeBuzz

  • Race: Terran Terran
  • Spawn Location: 3:00

MonstroTown

  • Race: Terran Terran
  • Spawn Location: 6:00

Michael

  • Race: Zerg Zerg
  • League: Gold
  • Spawn Location: 9:00

VOD

Have the link to the VOD?

Description

Time

  • Played on: Sept. 16, 2018, 2:03 p.m.
  • Length: 7:13
Show
View Real Time Build Order
Export as new Build Order

predatorcl Terran 

Build Orders:  

Get SALT Encoding   

  12  0:01  SCV  
  13  0:18  Supply Depot  
  13  0:19  SCV  
  14  0:43  Barracks  
  14  0:47  SCV  
  15  0:56  Supply Depot  
  15  0:59  SCV  
  16  1:11  Barracks  
  16  1:15  Barracks  
  16  1:26  Barracks  
  16  1:40  Orbital Command  
  16  1:56  Barracks  
  16  1:58  Marine  
  16  2:01  Marine  
  18  2:05  Marine  
  19  2:13  Marine  
  20  2:15  Marine  
  20  2:18  Marine  
  22  2:23  Marine  
  23  2:31  Marine  
  23  2:33  Marine  
  23  2:36  Marine  
  26  2:41  Marine  
  26  2:43  Marine  
  28  2:49  Marine  
  28  2:50  Supply Depot  
  29  2:51  Marine  
  29  2:54  Marine  
  31  3:09  Marine  
  31  3:10  Marine x2  
  31  3:11  Marine  
  31  3:12  Marine  
  26  3:27  Marine  
  26  3:30  Bunker  
  26  3:33  Bunker  
  27  3:36  Marine x4  
  31  3:45  Marine  
  32  3:53  Marine  
  33  3:55  Marine x2  
  33  3:56  Supply Depot  
  33  4:34  Marine  
  33  4:35  Marine x4  
  35  5:27  Marine x3  
  35  5:28  Marine x2  
  35  5:38  Supply Depot x2  
  35  5:45  Marine x5  
  39  6:02  Marine  
  39  6:03  Marine x4  
  32  6:20  Marine  
  32  6:21  Marine x4  
  36  6:38  Marine  
  36  6:39  Marine x4  
Show
View Real Time Build Order
Export as new Build Order

GeeBuzz Terran 

Build Orders:  

Get SALT Encoding   

  12  0:01  SCV  
  13  0:14  Supply Depot  
  13  0:18  SCV  
  14  0:30  SCV  
  15  0:37  Barracks  
  15  0:42  SCV  
  16  0:55  Supply Depot  
  17  0:57  SCV  
  17  1:37  Barracks  
  17  1:38  Barracks  
  17  1:39  Barracks  
  17  1:40  Barracks  
  17  1:42  Marine  
  18  1:53  Orbital Command  
  18  1:59  Marine  
  19  2:11  Supply Depot  
  19  2:28  Marine x5  
  24  2:34  Supply Depot  
  24  2:45  Marine  
  24  2:46  Marine x3  
  24  2:49  Marine  
  28  3:20  Marine  
  28  3:21  Marine x4  
  33  3:38  Marine x3  
  33  3:39  Marine x2  
  38  3:56  Supply Depot, Marine x4  
  38  3:57  Marine  
  43  4:14  Marine x4  
  47  4:17  Marine  
  39  4:32  Marine x4  
  39  4:35  Marine  
  40  4:50  Marine x4  
  42  4:52  Marine  
  36  5:07  Marine x2  
  36  5:08  Marine x2  
  36  5:10  Marine  
  41  5:18  Supply Depot  
  41  5:25  Marine x4  
  41  5:28  Marine  
  37  5:43  Marine x4  
  37  5:46  Marine  
  42  6:01  Marine x4  
  42  6:04  Marine  
  46  6:19  Marine x4  
  46  6:21  Marine  
  48  6:36  Marine x2  
  48  6:37  Marine x2  
  48  6:39  Marine  
  52  6:54  Supply Depot, Marine x3  
  52  6:55  Marine  
Show
View Real Time Build Order
Export as new Build Order

MonstroTown Terran 

Build Orders:  

Get SALT Encoding   

  12  0:00  SCV  
  13  0:13  SCV  
  14  0:18  Supply Depot  
  14  0:25  SCV  
  15  0:40  SCV  
  15  0:41  Barracks  
  16  0:51  Barracks  
  16  0:55  SCV  
  17  1:07  SCV  
  17  1:10  Supply Depot  
  18  1:24  Barracks  
  18  1:27  SCV  
  18  1:28  Marine  
  20  1:38  Marine  
  22  1:44  Barracks  
  22  1:46  SCV  
  23  1:56  Marine  
  23  1:58  Marine  
  24  2:11  Orbital Command  
  24  2:12  Marine  
  25  2:15  Marine  
  25  2:16  Supply Depot  
  25  2:20  Marine  
  27  2:29  Marine  
  27  2:31  Marine  
  27  2:34  Marine  
  30  2:38  SCV  
  30  2:42  Marine  
  32  2:47  Marine  
  32  2:49  Marine  
  32  2:50  Supply Depot  
  34  2:52  Marine  
  33  3:14  Marine x4  
  36  3:22  Refinery  
  36  3:25  Refinery  
  36  3:32  Marine x3  
  36  3:33  Marine  
  40  3:38  Supply Depot  
  31  3:50  Marine x3  
  31  3:51  Marine  
  34  4:07  Marine  
  34  4:08  Marine x2  
  34  4:09  Marine  
  36  4:25  Marine x2  
  36  4:26  Marine  
  36  4:27  Marine  
  39  4:43  Marine x2  
  39  4:45  Marine x2  
  38  5:01  Marine x2  
  38  5:03  Marine  
  27  5:08  Marine  
  17  5:37  Marine x3  
  13  5:54  Marine  
  13  5:55  Marine x2  
  6  6:13  Marine  
Show
View Real Time Build Order
Export as new Build Order

Michael Zerg 

Build Orders: Hatch First 

Get SALT Encoding   

  12  0:01  Drone  
  13  0:12  Overlord  
  13  0:21  Drone  
  14  0:31  Drone x2  
  14  0:34  Drone  
  17  0:46  Drone  
  18  0:59  Hatchery  
  18  1:02  Drone  
  18  1:07  Extractor  
  18  1:09  Drone  
  18  1:21  Spawning Pool  
  18  1:24  Drone  
  18  1:36  Drone  
  19  1:44  Drone  
  20  1:49  Overlord  
  20  2:08  Queen  
  22  2:11  Queen  
  22  2:12  Zergling x6  
  27  2:21  Drone  
  28  2:26  Drone  
  29  2:33  Drone  
  29  2:34  Drone  
  31  2:38  Extractor  
  31  2:40  Spine Crawler  
  29  2:44  Queen  
  31  2:54  Queen  
  33  3:00  Zergling x4  
  32  3:14  Zergling x8  
  36  3:31  Roach Warren, Drone  
  36  3:36  Overlord  
  30  4:07  Zergling x18  
  39  4:14  Zergling x2  
  8  4:43  Drone x8  
  16  5:00  Spawning Pool  
  16  5:01  Drone x2  
  16  5:02  Drone x2  
  19  5:14  Roach  
  21  5:16  Roach  
  23  5:23  Roach  
  25  5:28  Roach  
  27  5:37  Roach  
  27  5:42  Roach  
  30  5:45  Roach  
  32  5:51  Roach  
  28  6:06  Roach x2  
  28  6:07  Roach  
  32  6:14  Zergling x6  
  35  6:22  Overlord  
  35  6:36  Overlord x2  
  35  6:37  Overlord  
  35  6:43  Roach  
  37  6:55  Drone x2  
  37  6:56  Drone  
Tags
 
Add a new tag
Caveats
  • Supply blocks, unpowered buildings, or Contaminate may cause inaccurate times.
  • Supply counts are checked every 10 seconds.